 Dungeon Crawl Stone Soup version 0.20.0-7-g3b7b877 (webtiles) character file.

12726 zhorgal the Destroyer (level 11, -4/82 HPs)
             Began as a Purple Draconian Wizard on May 29, 2017.
             Was a High Priest of Sif Muna.
             Shot with an arrow by a centaur warrior (21 damage)
             ... on level 12 of the Dungeon.
             The game lasted 02:12:53 (19019 turns).

zhorgal the Destroyer (Purple Draconian Wizard)    Turns: 19019, Time: 02:12:54

Health: -4/82      AC: 13    Str:  6    XL:     11   Next: 66%
Magic:  17/22      EV: 12    Int: 21    God:    Sif Muna [*****.]
Gold:   1006       SH:  0    Dex: 13    Spells: 7/25 levels left

rFire    . . .     SeeInvis .   e - +4 halberd (freeze)
rCold    . . .     Gourm    +   (shield currently unavailable)
rNeg     . . .     Faith    .   (armour unavailable)
rPois    .         Spirit   .   a - +1 hat
rElec    +         Reflect  .   Z - +1 cloak
rCorr    .         Harm     .   J - +2 pair of gloves {Dex+3}
MR       +....                  (no boots)
Stlth    ++........             U - amulet of the gourmand
Regen    0.3/turn               I - ring of Beifuwk {Ice +Inv rElec Str-4 Slay+3}
MPRegen  0.2/turn               g - ring of fire

@: short of breath
A: breathe power, unfitting armour, cold-blooded, AC +7
a: Breathe Dispelling Energy, Divine Energy, Channel Magic, Forget Spell,
Renounce Religion, Evoke Invisibility


You were on level 12 of the Dungeon.
You worshipped Sif Muna.
Sif Muna was extremely pleased with you.
You were not hungry.

You visited 1 branch of the dungeon, and saw 12 of its levels.

You collected 1006 gold pieces.

Inventory:

Hand Weapons
 e - a +4 halberd of freezing (weapon)
 G - a +0 scimitar
Missiles
 C - 6 javelins (quivered)
 K - a throwing net
 Q - 5 javelins of returning
Armour
 a - a +1 hat (worn)
 i - a +0 shield
 J - a +2 pair of gloves of dexterity (worn)
 Z - a +1 cloak (worn)
Jewellery
 g - a ring of fire (right hand)
 j - a +4 ring of evasion
 r - a +1 ring of protection
 t - an uncursed ring of protection from cold
 I - the ring of Beifuwk (left hand) {Ice +Inv rElec Str-4 Slay+3}
   (You took it off a crimson imp on level 6 of the Dungeon)

   [ring of ice]

   It enhances your ice magic.
   It affects your strength (-4).
   It affects your accuracy and damage with ranged weapons and melee attacks
   (+3).
   It makes you vulnerable to fire.
   It protects you from cold.
   It insulates you from electricity.
   It lets you turn invisible.
 P - a +3 ring of evasion
 S - a +3 ring of intelligence
 U - an amulet of the gourmand (around neck)
 X - an uncursed ring of stealth
Wands
 s - a wand of lightning (4/15)
 u - a wand of lightning (7/15)
 w - a wand of polymorph (11/24)
 x - a wand of disintegration (10/24)
 B - a wand of flame (13/48)
 D - a wand of iceblast (11/15)
 H - a wand of paralysis (10/24)
 O - a wand of confusion (33/48)
 V - a wand of disintegration (12/24)
Scrolls
 h - 6 scrolls of teleportation
 q - 6 scrolls of remove curse
 v - 2 scrolls of amnesia
 E - 2 scrolls of fog
 N - a scroll of fear
 T - 4 scrolls of enchant armour
Potions
 f - 3 potions of brilliance
 l - 2 potions of cancellation
 m - a potion of ambrosia {unknown}
 n - 2 potions of lignification
 o - 3 potions of might
 p - a potion of flight {unknown}
 z - 5 potions of heal wounds {unknown}
 L - a potion of degeneration {unknown}
 M - a potion of magic {unknown}
 R - a potion of agility
 Y - a potion of mutation {unknown}
Books
 b - a book of Minor Magic

   Spells                             Type                      Level
   a - Magic Dart                     Conjuration                  1
   b - Blink                          Translocation                2
   c - Call Imp                       Summoning                    2
   d - Slow                           Hexes                        2
   e - Conjure Flame                  Conjuration/Fire             3
   f - Mephitic Cloud                 Conjuration/Poison/Air       3
 y - a Young Poisoner's Handbook

   Spells                             Type                      Level
   a - Sting                          Conjuration/Poison           1
   b - Poisonous Vapours              Poison/Air                   2
   c - Mephitic Cloud                 Conjuration/Poison/Air       3
   d - Olgreb's Toxic Radiance        Poison                       4
   e - Venom Bolt                     Conjuration/Poison           5
 F - a book of Flames

   Spells                             Type                      Level
   a - Flame Tongue                   Conjuration/Fire             1
   b - Throw Flame                    Conjuration/Fire             2
   c - Conjure Flame                  Conjuration/Fire             3
   d - Inner Flame                    Hexes/Fire                   3
   e - Sticky Flame                   Conjuration/Fire             4
   f - Fireball                       Conjuration/Fire             5
 W - Sif Muna's Incunabulum of the Volcanoes and Weightlessness
   (Sif Muna gifted it to you on level 10 of the Dungeon)

   Spells                             Type                      Level
   a - Swiftness                      Charms/Air                   2
   b - Lightning Bolt                 Conjuration/Air              5
   c - Silence                        Hexes/Air                    5
   d - Bolt of Fire                   Conjuration/Fire             6
   e - Ignition                       Fire                         8
   f - Fire Storm                     Conjuration/Fire             9
Comestibles
 c - 6 bread rations
 d - 3 royal jellies
 k - 5 meat rations
 A - 4 fruits


   Skills:
 - Level 3.2 Fighting
 - Level 1.7 Dodging
 - Level 1.7 Stealth
 + Level 7.6 Spellcasting
 + Level 11.4 Conjurations
   Level 1.0 Summonings
 - Level 1.0 Translocations
 + Level 11.0 Fire Magic
 - Level 3.1 Air Magic
 - Level 3.0 Poison Magic
 + Level 6.1 Invocations


You had 7 spell levels left.
You knew the following spells:

 Your Spells              Type           Power        Failure   Level  Hunger
a - Magic Dart            Conj           ####         1%          1    None
b - Blink                 Tloc           N/A          9%          2    None
c - Mephitic Cloud        Conj/Pois/Air  ####....     2%          3    None
d - Conjure Flame         Conj/Fire      ######..     1%          3    None
e - Sticky Flame          Conj/Fire      ######..     1%          4    ###....
f - Fireball              Conj/Fire      ######....   2%          5    #####..


Dungeon Overview and Level Annotations

Branches:
Dungeon (12/15)            Temple (0/1) D:6             Orc (0/2) D:12
   Lair: D:8-11

Altars:
Ashenzari
Ru
Sif Muna
The Shining One

Shops:
D:6 (

Portals:
Trove: D:10 (give horn of Geryon)

Annotations:
D:3 zhorgal's ghost, weakling DrSu
D:4 Sigmund
D:9 1 exclusion
D:11 George's ghost, journeyman DsGl


Innate Abilities, Weirdness & Mutations

You can breathe bolts of dispelling energy.
Your rich purple scales are hard. (AC +7)
You cannot fit into any form of body armour.
You are cold-blooded and may be slowed by cold attacks.


Message History

Confirm with . or Enter, or press ? or * to list all spells.
Aiming: Mephitic Cloud
Press: ? - help, Shift-Dir - straight line The ball explodes into a vile cloud!
The stinking cloud engulfs the centaur warrior.
The centaur warrior is lightly wounded.
The centaur warrior is engulfed in noxious fumes.
The centaur warrior appears confused.
The centaur warrior is engulfed in noxious fumes.
The centaur warrior is engulfed in noxious fumes.
The centaur warrior appears confused.
Press: ? - help, Shift-Dir - straight line, f - centaur warrior
Aim: a centaur warrior, wielding a longbow (lightly wounded, confused)
You breathe a bolt of dispelling energy.
The bolt of dispelling energy hits the centaur warrior.
The centaur warrior is moderately wounded.
The centaur warrior's magical effects unravel!
You feel somewhat more hungry.
The centaur warrior shoots an arrow.
The arrow hits you!!
You die...

#.# ######..=#...#####.#.# # #.#
#####............##......#
.##.####...................##.###
....#...).......(............<###
....#.))........(.......###..)...
.##.#............(.......##.##.##
.(.)))........>..........##.##.##
###<##.).................##.##...
###[###.........@........##.##.##
....###............ยง.....##.##.##
#.....#.....c............##......
#.....#.........................#
#...............................#
#...).##.#.#...#................#
#.....##...#...##.###....######.#
########..##......# #....### #..
#..###<##### #......# ###


You could see a centaur warrior.

Vanquished Creatures
  3 two-headed ogres
  A deep elf mage (D:12)
  An ugly thing (D:11)
  Maurice (D:11)
  Joseph (D:9)
  Psyche (D:9)
  A gargoyle (D:9)
  A polar bear (D:10)
  A troll (D:11)
  A hornet (D:12)
  A hippogriff (D:11)
  A shadow (D:11)
  A spriggan (D:8)
  A wyvern (D:12)
  2 yaks
  3 hungry ghosts
  Menkaure (D:7)
  A water moccasin (D:11)
  Duvessa (D:5)
  3 ice beasts
  4 orc warriors
  2 sky beasts
  A black bear (D:11)
  2 phantoms
  6 ogres
  3 centaurs
  A big kobold (D:10)
  Blork the orc (D:5)
  13 bullfrogs
  Dowan (D:5)
  3 scorpions
  4 killer bees (D:9)
  7 howler monkeys
  7 wights
  2 electric eels
  7 crimson imps
  4 centaur zombies
  A bullfrog zombie (D:10)
  2 quasits
  10 hounds
  11 orc priests
  3 jellies
  12 orc wizards
  A bullfrog skeleton (D:12)
  A centaur skeleton (D:11)
  Natasha (thrice) (D:2)
  4 iguanas
  13 worker ants
  2 centaur simulacra (D:11)
  2 hound skeletons
  10 gnolls
  A howler monkey skeleton (D:6)
  17 adders
  2 shadow imps
  17 white imps
  3 ufetubi (D:11)
  2 adder skeletons
  2 adder zombies
  4 worms
  2 dart slugs (D:2)
  2 leopard geckos
  55 orcs
  A ball python (D:1)
  10 bats
  3 giant cockroaches
  7 goblins
  11 hobgoblins
  12 jackals
  7 quokkas
  5 frilled lizards
  A jackal skeleton (D:5)
  12 kobolds
  A leopard gecko skeleton (D:8)
  A leopard gecko zombie (D:7)
  A quokka zombie (D:6)
  9 rats
358 creatures vanquished.

Vanquished Creatures (others)
  A fungus (D:4)
  A plant (D:9)
2 creatures vanquished.

Grand Total: 360 creatures vanquished

Notes
Turn   | Place    | Note
-------+----------+-------------------------------------------
     0 | D:1      | zhorgal the Draconian Wizard began the quest for the Orb.
     0 | D:1      | Reached XP level 1. HP: 14/14 MP: 4/4
   173 | D:1      | Reached skill level 1 in Fighting
   232 | D:1      | Reached XP level 2. HP: 24/24 MP: 0/6
   914 | D:1      | Learned a level 2 spell: Blink
  1139 | D:1      | Reached XP level 3. HP: 30/30 MP: 5/7
  1144 | D:1      | Learned a level 3 spell: Mephitic Cloud
  2109 | D:2      | Reached XP level 4. HP: 33/38 MP: 0/8
  2456 | D:2      | Noticed Natasha
  2466 | D:2      | Killed Natasha
  2466 | D:2      | Reached skill level 1 in Poison Magic
  2544 | D:2      | You fall through a shaft!
  2558 | D:3      | Noticed zhorgal's ghost (weakling DrSu)
  2781 | D:3      | Reached skill level 1 in Air Magic
  2781 | D:3      | Reached XP level 5. HP: 33/45 MP: 1/10
  3349 | D:2      | Noticed Natasha
  3362 | D:2      | Killed Natasha
  3501 | D:2      | Noticed Natasha
  3506 | D:2      | Killed Natasha
  3674 | D:2      | Found a sacrificial altar of Ru.
  4554 | D:4      | Reached XP level 6. HP: 36/51 MP: 1/11
  4908 | D:4      | Found a deep blue altar of Sif Muna.
  4916 | D:4      | Became a worshipper of Sif Muna the Loreminder
  5388 | D:4      | Noticed Sigmund
  5398 | D:5      | Entered Level 5 of the Dungeon
  5442 | D:5      | Learned a level 3 spell: Conjure Flame
  5628 | D:5      | Noticed a sky beast
  5638 | D:5      | Killed a sky beast
  5638 | D:5      | Reached skill level 5 in Conjurations
  5638 | D:5      | Your scales start taking on a rich purple colour.
  5638 | D:5      | Reached XP level 7. HP: 57/57 MP: 3/13
  6206 | D:5      | Reached * piety under Sif Muna
  6591 | D:5      | Noticed Duvessa
  6592 | D:5      | Noticed Dowan
  6637 | D:5      | Killed Duvessa
  6637 | D:5      | Reached skill level 1 in Fire Magic
  6639 | D:5      | Killed Dowan
  6794 | D:5      | Found a glowing golden altar of the Shining One.
  6877 | D:5      | Noticed Blork the orc
  6904 | D:5      | Killed Blork the orc
  6904 | D:5      | Reached XP level 8. HP: 45/63 MP: 8/14
  7897 | D:6      | Reached ** piety under Sif Muna
  8415 | D:6      | Learned a level 4 spell: Sticky Flame
  8512 | D:6      | Reached *** piety under Sif Muna
  8516 | D:6      | Got a steaming jade ring
  8517 | D:6      | Identified the ring of Beifuwk {Ice +Inv rElec Str-4 Slay+3} (You took it off a crimson imp on level 6 of the Dungeon)
  8671 | D:6      | Reached XP level 9. HP: 25/69 MP: 11/15
  8822 | D:6      | Reached skill level 5 in Fire Magic
  8959 | D:6      | Found a staircase to the Ecumenical Temple.
  9064 | D:6      | Found Keerigh's Antique Weapon Shoppe.
  9607 | D:7      | Noticed Menkaure
  9617 | D:7      | Killed Menkaure
  9723 | D:7      | Reached skill level 5 in Spellcasting
  9730 | D:7      | Learned a level 5 spell: Fireball
 10186 | D:7      | Reached **** piety under Sif Muna
 11579 | D:8      | Reached XP level 10. HP: 77/77 MP: 13/19
 12889 | D:9      | Reached skill level 10 in Conjurations
 12922 | D:9      | Found a shattered altar of Ashenzari.
 12937 | D:9      | Noticed Psyche
 12985 | D:9      | Killed Psyche
 12985 | D:9      | Reached skill level 1 in Invocations
 13787 | D:9      | Noticed a gargoyle
 13791 | D:9      | Noticed a two-headed ogre
 13793 | D:9      | Noticed Joseph
 13794 | D:9      | Killed a gargoyle
 13841 | D:9      | Killed a two-headed ogre
 14359 | D:9      | Killed Joseph
 14743 | D:10     | Entered Level 10 of the Dungeon
 15052 | D:10     | Noticed a two-headed ogre
 15098 | D:10     | Killed a two-headed ogre
 15098 | D:10     | Reached ***** piety under Sif Muna
 15098 | D:10     | Identified Sif Muna's Incunabulum of the Volcanoes and Weightlessness (Sif Muna gifted it to you on level 10 of the Dungeon)
 15098 | D:10     | Received a gift from Sif Muna
 15098 | D:10     | Reached skill level 10 in Fire Magic
 15652 | D:10     | Found a portal to a secret trove of treasure.
 15849 | D:10     | Identified a scroll of acquirement
 15875 | D:11     | Reached XP level 11. HP: 82/82 MP: 14/20
 16168 | D:11     | Noticed George's ghost (journeyman DsGl)
 16757 | D:11     | Noticed a purple ugly thing
 16782 | D:11     | Killed a purple ugly thing
 16782 | D:11     | Reached skill level 5 in Invocations
 17163 | D:11     | Noticed Maurice
 17181 | D:11     | Paralysed by something for 4 turns
 17196 | D:11     | Killed Maurice
 18210 | D:12     | Found a staircase to the Orcish Mines.
 18512 | D:12     | Noticed a two-headed ogre
 18523 | D:12     | Killed a two-headed ogre
 18612 | D:12     | Noticed a deep elf mage
 18618 | D:12     | Paralysed by a hornet for 1 turns
 18625 | D:12     | Killed a deep elf mage
 19010 | D:12     | Noticed a centaur warrior
 19019 | D:12     | Shot with an arrow by a centaur warrior

Skill      XL: |  1  2  3  4  5  6  7  8  9 10 11 |
---------------+----------------------------------+-----
Fighting       | 1 2 3 |  3.2
Conjurations   | 2 3 5 6 8 9 10 11 | 11.4
Poison Magic   | 1 2 3 |  3.0
Air Magic      | 1 2 3 |  3.1
Spellcasting   | 4 6 7 |  7.6
Fire Magic     | 2 4 7 10 11 | 11.0
Invocations    | 4 6 |  6.1
Dodging        | |  1.7
Stealth        | |  1.7
Summonings     | |  1.0
Translocations | |  1.0

Action                   |  1- 3 |  4- 6 |  7- 9 | 10-12 || total
-------------------------+-------+-------+-------+-------++-------
Melee: Dagger            |   107 |       |       |       ||   107
       Tailslap          |    13 |     8 |    27 |    47 ||    95
       Club              |    29 |   117 |    80 |       ||   226
       Unarmed           |       |    22 |       |       ||    22
       Scimitar          |       |       |   231 |   358 ||   589
       Halberd           |       |       |       |    24 ||    24
Throw: Javelin           |       |     6 |     5 |       ||    11
 Cast: Magic Dart        |    97 |   190 |   194 |    13 ||   494
       Mephitic Cloud    |       |     1 |    10 |    12 ||    23
       Conjure Flame     |       |     2 |       |     8 ||    10
       Blink             |       |       |     2 |     2 ||     4
       Sticky Flame      |       |       |    18 |    66 ||    84
       Fireball          |       |       |       |     2 ||     2
 Abil: Breathe Dispellin |       |       |    13 |    29 ||    42
Evoke: Wand              |       |       |    18 |       ||    18
  Use: Scroll            |     5 |     3 |     6 |     8 ||    22
       Potion            |       |       |       |     2 ||     2
 Stab: Sleeping          |     1 |     1 |     2 |     2 ||     6
       Confused          |       |       |       |     2 ||     2
  Eat: Chunk             |     4 |    10 |    23 |    25 ||    62
       Fruit             |       |     1 |       |       ||     1
       Bread ration      |       |       |     1 |     4 ||     5
Armor: Skin              |    80 |    83 |   123 |   212 ||   498
Dodge: Dodged            |   163 |   276 |   290 |   379 ||  1108
       Rpst.: Scimitar   |       |       |    60 |   107 ||   167
